 Dungeon Crawl Stone Soup version 0.30-a0-1082-g70414cbcbb (webtiles) character file.

Game seed: 1078850097177922773

38 gelatine the Magician (level 3, -3/25 HPs)
             Began as a Demonspawn Hedge Wizard on Apr 15, 2023.
             Slain by a gnoll
             ... wielding a +0 heavy halberd
              (22 damage)
             ... on level 2 of the Dungeon.
             The game lasted 00:02:38 (1287 turns).

gelatine the Magician (Demonspawn Hedge Wizard)     Turns: 1287, Time: 00:02:39

Health: -3/25      AC:  2    Str: 10    XL:     3   Next: 25%
Magic:  2/7        EV: 12    Int: 17    God:
Gold:   53         SH:  0    Dex: 12    Spells: 7/8 levels left

rFire   . . .      SeeInvis .    p - +0 short sword (venom)
rCold   . . .      Faith    .    (no shield)
rNeg    . . .      Spirit   .    b - +0 robe
rPois   .          Reflect  .    c - +0 hat
rElec   .          Rampage  .    (no cloak)
rCorr   .                        (no gloves)
Will    +....                    (no boots)
Stlth   ++                       (no amulet)
HPRegen 0.24/turn                h - ring of willpower
MPRegen 0.10/turn                (no ring)

@: no status effects
A: demonic touch 2
a: no special abilities


You were on level 2 of the Dungeon.
You visited 1 branch of the dungeon, and saw 2 of its levels.

You collected 53 gold pieces.

Inventory:

Hand Weapons
 a - a +0 dagger
 p - a +0 short sword of venom (weapon)
Armour
 b - a +0 robe (worn)
 c - a +0 hat (worn)
Magical Staves
 e - a staff of earth
Jewellery
 h - a ring of willpower (left hand)
Scrolls
 j - a scroll of brand weapon {unknown}
 o - a scroll of identify {unknown}
Potions
 d - a potion of magic
 f - a potion of lignification {unknown}
 g - a potion of curing {unknown}
 i - a potion of degeneration {unknown}
 k - a potion of might {unknown}
 l - a potion of ambrosia {unknown}
 m - a potion of heal wounds {unknown}
 n - a potion of attraction {unknown}


   Skills:
 * Level 0.6 Fighting
 * Level 1.3 Short Blades
 * Level 0.5 Armour
 * Level 2.0 Dodging
 * Level 2.1 Stealth
 + Level 3.2 Spellcasting
 + Level 1.1 Conjurations
 + Level 1.0 Summonings
 + Level 0.8 Translocations


You had 7 spell levels left.
You knew the following spells:

 Your Spells              Type           Power      Damage    Failure   Level
a - Magic Dart            Conj           24%        1d4       11%         1

Your spell library contained the following spells:

 Spells                   Type           Power      Damage    Failure   Level
 Slow                     Hex            8%         N/A       17%         1
 Call Imp                 Summ           12%        N/A       17%         2
 Blink                    Tloc           10%        N/A       19%         2
 Lesser Beckoning         Tloc           10%        N/A       19%         2
 Cigotuvi's Dreadful Rot  Necr/Pois/Air  4%         N/A       26%         2
 Gell's Gravitas          Tloc           5%         N/A       34%         3
 Teleport Other           Tloc           5%         N/A       34%         3
 Mephitic Cloud           Conj/Pois/Air  4%         N/A       41%         3


Dungeon Overview and Level Annotations

Branches:
Dungeon (2/15)

Altars:


Innate Abilities, Weirdness & Mutations

Your touch may inflict irresistible damage on your foes.


Message History

3 gnolls come into view.
A gnoll is wielding a +0 heavy halberd.
The magic dart hits the gnoll.
The gnoll is lightly wounded.
The gnoll shouts!
You hear a shout!
The magic dart hits the gnoll but does no damage.
The gnoll is lightly wounded.
A gnoll comes into view. It is wielding a +0 spear.
The magic dart hits the gnoll.
The gnoll is heavily wounded.
The gnoll shouts!
You closely miss the gnoll. Your touch misses the gnoll.
The gnoll is heavily wounded.
The gnoll closely misses you.
The magic dart hits the gnoll but does no damage.
The gnoll is heavily wounded.
The gnoll barely misses you.
The gnoll hits you from afar with a +0 heavy halberd!
You hit the gnoll.
The gnoll is poisoned.
You touch the gnoll.
You kill the gnoll!
Your Short Blades skill increases to level 1!
You can't see any susceptible monsters within range! (Use Z to cast anyway.)
The magic dart hits the gnoll.
The gnoll is lightly wounded.
The magic dart hits the gnoll.
The gnoll is lightly wounded.
You barely miss the gnoll.
The gnoll is lightly wounded.
The gnoll barely misses you. The gnoll barely misses you.
The gnoll attacks as you move away! The gnoll closely misses you.
The gnoll attacks as you move away! The gnoll closely misses you.
The gnoll attacks as you move away! The gnoll hits you with a +0 flail.
The magic dart hits the gnoll.
The gnoll is moderately wounded.
The gnoll closely misses you.
You barely miss the gnoll.
The gnoll is moderately wounded.
The gnoll hits you from afar with a +0 heavy halberd!!
Ouch! That really hurt!
You die...

#.#...# #.# #.#...# #.#
#...#.###########.#
#.#.#...........†.#
###########.#..........####.###
.........................†....#
#####........)..######.##.#.#.#
#####..####.#†########.#....#.#
..)....# #.#...@ggg..........#
######.# ..##########.##.##..#
# #.# .### ####.##.##..#
######.# #g..g.#.##..# .......#
#)##.##.##..# ######## #.
####.##..# # #g #.##..# .g
.#..... #. # ####.


You could see 3 gnolls.

Vanquished Creatures
  A gnoll (D:2)
  2 ball pythons (D:1)
  A bat (D:2)
  2 endoplasms (D:2)
  2 giant cockroaches (D:1)
  5 goblins
  4 hobgoblins (D:1)
  2 quokkas
  3 frilled lizards (D:1)
  A kobold (D:1)
  A rat (D:2)
24 creatures vanquished.

Notes
Turn   | Place    | Note
-------+----------+-------------------------------------------
     0 | D:1      | gelatine the Demonspawn Hedge Wizard began the quest for
                  | the Orb.
     0 | D:1      | Reached XP level 1. HP: 13/13 MP: 4/4
   371 | D:1      | Gained mutation: Your touch may inflict minor irresistible
                  | damage on your foes. [demonic ancestry]
   371 | D:1      | Reached XP level 2. HP: 20/20 MP: 3/6
   721 | D:1      | Found a faded altar of an unknown god.
  1220 | D:2      | Gained mutation: Your touch may inflict irresistible damage
                  | on your foes. [demonic ancestry]
  1220 | D:2      | Reached XP level 3. HP: 25/25 MP: 4/7
  1272 | D:2      | Reached skill level 1 in Short Blades
  1287 | D:2      | Slain by a gnoll

Illustrated notes

Levels and vault maps discovered:
D:1:      eino_arrival_tree_alley, layout_loops_cross,
          chequers_ecumenical_altar_island
D:2:      layout_loops_ring, minmay_cut_off, uniq_sigmund

Skill      XL: |  1  2  3 |
---------------+----------+-----
Dodging        | 2 |  2.0
Stealth        | 2 |  2.1
Short Blades   | 1 |  1.3
Fighting       | |  0.6
Armour         | |  0.5
Spellcasting   | |  3.2
Conjurations   | |  1.1
Summonings     | |  1.0
Translocations | |  0.8

Action                     || total
---------------------------++-------
  Melee: Dagger            ||     3
         Short sword       ||     4
         Touch             ||     1
   Cast: Magic Dart        ||    56
 Armour: Robe              ||     1
  Dodge: Dodged            ||    10

Table legend: (Time is in decaauts)
 A = Elapsed time spent in this place.
 B = Non-inter-level travel time spent in this place.
 C = Inter-level travel time spent in this place.
 D = Time resting spent in this place.
 E = Time spent auto-exploring this place.
 F = Levels seen in this place.
 G = Mean time per level.
                   A        B        C        D        E       F      G
               +--------+--------+--------+--------+--------+-----+--------+
         Total |   1289 |   1257 |     32 |      0 |   1118 |   2 |  644.5 |
       Dungeon |   1289 |   1257 |     32 |      0 |   1118 |   2 |  644.5 |
               +--------+--------+--------+--------+--------+-----+--------+

Top non-repeatable levels by time:
     D:1: 984 daAuts
     D:2: 305 daAuts
